AoeStats
← jmplante19

Black Forest

509241643Analyzed
3v3 RM · 5d ago on Sep 26, 2026· 28m 37s· 6 players
Game mode
Random Map
Map size
Normal (6 player)
Population
200
Speed
Normal
Resources
Standard
Victory
Conquest
Starting age
Dark Age
Ending age
Imperial Age
RankedLock teamsTeams togetherTeam positionsShared explorationLock speedFull tech treeHidden civsTurbo modeCheats
Victory
Defeat
🇨🇱 Burgundians · Chile
728
+15
🇨🇦 Bohemians · Canada
727
+15
🇺🇸 Portuguese · United States
684
+16
🇨🇦 Britons · Canada
739
-18
🇨🇦 Vietnamese · Canada
720
-16
🇨🇦 Persians · Canada
625
-12
Singlodo
0:40 Loom
8:03 Wheelbarrow
9:38 Double-Bit Axe
13:08 Horse Collar
15:38 Feudal Age
16:30 Bow Saw
18:04 Heavy Plow
18:26 Stone Mining
18:35 Gold Mining
19:57 Hand Cart
20:57 Gold Shaft Mining
20:59 Stone Shaft Mining
24:50 Castle Age
24:28 Scale Barding Armor
24:36 Forging
26:11 Cavalier
26:52 Husbandry
27:16 Chain Barding Armor
27:32 Iron Casting
madagascart
4:06 Loom
12:06 Feudal Age
18:14 Castle Age
16:38 Double-Bit Axe
18:15 Horse Collar
25:06 Chemistry
26:00 Town Watch
26:47 Fervor
31:23 Imperial Age
Burger King
5:21 Loom
14:21 Feudal Age
16:10 Wheelbarrow
15:19 Horse Collar
15:29 Double-Bit Axe
17:53 Gold Mining
23:50 Castle Age
21:50 Stone Mining
23:27 Scale Mail Armor
24:45 Heavy Plow
24:58 Man-at-Arms
25:26 Arson
25:27 Gambesons
26:08 Forging
25:45 Long Swordsman
27:25 Chain Mail Armor
29:24 Stone Shaft Mining
29:02 Bow Saw
jmplante19
0:59 Loom
14:40 Feudal Age
23:32 Castle Age
25:01 Double-Bit Axe
25:57 Wheelbarrow
TheLabRat
4:01 Loom
10:59 Feudal Age
11:22 Horse Collar
11:30 Double-Bit Axe
14:31 Wheelbarrow
16:12 Stone Mining
16:14 Gold Mining
24:48 Castle Age
25:32 Heavy Plow
25:45 Bow Saw
26:03 Hand Cart
snippypannic
12:10 Feudal Age
14:22 Double-Bit Axe
19:01 Castle Age
20:12 Bow Saw
20:42 Stone Mining
21:36 Horse Collar
23:41 Wheelbarrow
25:39 Gold Mining
25:48 Loom
27:00 Town Watch
Connection lost

Rejoining the realm…

Still unreachable

The connection could not be restored.

Session expired

The server has moved on; the page needs a fresh start.